 Dungeon Crawl Stone Soup version 0.30-a0-234-g97d66968fd (webtiles) character file.

Game seed: 6946628497427320298

39606 qw the Severer (level 14, -9/90 HPs)
             Began as a Gargoyle Fighter on Oct 10, 2022.
             Was a High Priest of Okawaru.
             Mangled by an elephant (13 damage)
             ... on level 5 of the Lair of Beasts.
             The game lasted 00:06:39 (13214 turns).

qw the Severer (Gargoyle Fighter)                  Turns: 13214, Time: 00:06:39

Health: -9/90      AC: 29    Str: 24    XL:     14   Next: 7%
Magic:  17/21      EV:  9    Int: 10    God:    Okawaru [*****.]
Gold:   551        SH:  6    Dex:  9    Spells: 13/13 levels left

rFire   . . .      SeeInvis .    m - +0 flail
rCold   . . .      Faith    .    c - +0 buckler
rNeg    + + .      Spirit   .    v - +0 plate armour
rPois   inf        Reflect  .    w - +1 hat {Will+}
rElec   +          Harm     .    (no cloak)
rCorr   .          Rampage  .    e - +0 pair of gloves
Will    ++...                    (no boots)
Stlth   ..........               l - amulet of regeneration
HPRegen 1.15/turn                f - ring of positive energy
MPRegen 0.17/turn                (no ring)

@: heroic, finesse-ful, flying
A: sickness immunity, AC +10, big wings, negative energy resistance 1,
electricity resistance, torment resistance 1, petrification resistance
a: Renounce Religion, Heroism, Finesse, Duel


You were on level 5 of the Lair of Beasts.
You worshipped Okawaru.
Okawaru was extremely pleased with you.
You visited 3 branches of the dungeon, and saw 15 of its levels.

You collected 811 gold pieces.
You spent 260 gold pieces at shops.


Innate Abilities, Weirdness & Mutations

You are immune to sickness and miasma.
Your stone body is resilient. (AC +10)
You are immune to poison.
Your large and strong wings let you fly.
You resist negative energy. (rN+)
You are resistant to electric shocks. (rElec)
You are resistant to unholy torment.
You are immune to petrification.


   Skills:
 - Level 11.0(16.0) Fighting
 - Level 15.1(20.1) Axes
 - Level 4.0(9.0) Throwing
 + Level 9.9(14.9) Armour
 - Level 2.5(7.5) Dodging
 - Level 7.4(12.4) Shields
 - Level 10.0 Invocations


You had 13 spell levels left.
You didn't know any spells.
Your spell library was empty.

Inventory:

Hand Weapons
 j - the +5 mace "Rusedixt" {freeze, rElec rCorr Int+2}
   (You found it on level 2 of the Dungeon)

   It freezes those it strikes, dealing additional cold damage.
   It can also slow down cold-blooded creatures.
   Int:       It affects your intelligence (+2).
   rElec:     It insulates you from electricity.
   rCorr:     It protects you from acid and corrosion.
 m - a +0 flail (weapon)
 u - a +2 vampiric war axe
 z - a +3 broad axe of venom
Missiles
 y - a javelin (quivered)
Armour
 c - a +0 buckler (worn)
 e - a +0 pair of gloves (worn)
 n - a +0 helmet
 v - a +0 plate armour (worn)
 w - a +1 hat of willpower (worn)
Jewellery
 f - a ring of positive energy (left hand)
 l - an amulet of regeneration (around neck)
 p - a ring of ice
 x - a ring of ice
Scrolls
 a - a scroll of identify
Potions
 b - a potion of mutation
 d - 3 potions of might
 g - 5 potions of curing
 h - a potion of resistance
 k - 3 potions of brilliance {unknown}
 o - a potion of lignification
 q - 4 potions of attraction
 r - a potion of cancellation
 s - 3 potions of haste
 t - a potion of magic {unknown}

Dungeon Overview and Level Annotations

Branches:
Dungeon (9/15)             Temple (1/1) D:4            Lair (5/5) D:9
  Swamp (0/4) Lair:2       Spider (0/4) Lair:2          Orc (0/2) D:9
  Slime: Lair:4-5

Altars:
Ashenzari
Cheibriados
Dithmenos
Elyvilon
Fedhas
Gozag
Hepliaklqana
Kikubaaqudgha
Makhleb
Nemelex Xobeh
Okawaru
Qazlal
Ru
Sif Muna
Trog
Uskayaw
Wu Jian
Xom
Yredelemnul
The Shining One

Shops:
D:3 :   D:5 =   D:8 *

Portals:
Ice
Cave: Lair:5

Annotations:
D:6 1 runed translucent door, Crazy Yiuf


Message History

The wyvern bites you but does no damage.
The helpless rime drake fails to defend itself.
You hit the rime drake.
The rime drake is moderately wounded.
The komodo dragon bites something!!
The catoblepas breathes a plume of calcifying dust at you.
The blast of calcifying dust hits the four-headed hydra!
The blast of calcifying dust hits you but does no damage.
The helpless rime drake fails to defend itself.
You sock the rime drake!
The rime drake is heavily wounded.
You block the wyvern's attack.
The helpless rime drake fails to defend itself.
You hit the rime drake.
The rime drake is heavily wounded.
The four-headed hydra is engulfed in calcifying dust.
The four-headed hydra is moving more slowly.
The four-headed hydra bites you.
The four-headed hydra bites you but does no damage.
You block the four-headed hydra's attack.
The four-headed hydra bites you. The elephant barely misses you.
The elephant trunk-slaps you.
The helpless rime drake fails to defend itself.
You hit the rime drake.
The rime drake is heavily wounded.
The helpless rime drake fails to defend itself.
You hit the rime drake.
The rime drake is severely wounded.
The rime drake is no longer petrified.
The wyvern completely misses you.
The komodo dragon bites something!
The catoblepas breathes a plume of calcifying dust at you.
The blast of calcifying dust hits the four-headed hydra!
The blast of calcifying dust hits you but does no damage.
The helpless rime drake fails to defend itself.
You sock the rime drake!
The rime drake is severely wounded.
The four-headed hydra is engulfed in calcifying dust.
The four-headed hydra stops moving altogether!
The elephant tramples you!
You die...

...............................%
....P.............%............%
###PP...##..##P###.#.#.#......##
##.....########.#######.....##
##...## ## #....### #....#
#....# ##....## #....# #....#.#
##### ##....###
##....%.####.@Y#######......#.
...P...%%##P#lDk.k.#.#......#.#
............lklY%..............
.............p..%..............
...........D...................
#..####......##P.#..#..#...#...
## #...(.#####.##..##...###
##.....# ########...## #.....##
########.....#


You could see a catoblepas, a five-headed hydra, a four-headed hydra
(petrified), an elephant, a komodo dragon, a wizard, a basilisk, 3 rime drakes
and a wyvern.

Vanquished Creatures
  Gastronok (Lair:1)
  Fannar (Lair:2)
  4 hydras
  A catoblepas (Lair:5)
  A two-headed ogre (D:9)
  Erica (Lair:1)
  10 death yaks (Lair:3)
  Sonja (Lair:1)
  Pikel (D:4)
  Joseph (D:7)
  3 black mambas
  A torpor snail (Lair:5)
  6 elephants (Lair:2)
  10 cane toads
  3 rime drakes
  6 komodo dragons
  A queen bee (D:9)
  A polar bear (Lair:5)
  Prince Ribbit (D:7)
  5 dream sheep (Lair:5)
  A tyrant leech (Lair:2)
  9 blink frogs
  A jumping spider (Lair:2)
  2 wyverns
  5 basilisks
  A steam dragon (D:7)
  46 yaks
  3 vampire mosquitoes (D:9)
  2 swamp worms (Lair:2)
  A redback (Lair:2)
  4 water moccasins
  Duvessa (D:6)
  3 orc warriors
  19 wolves
  3 black bears
  2 centaurs
  4 lemures (D:3)
  2 kobold brigands
  5 necrophages
  14 bullfrogs
  A gnoll sergeant (D:9)
  3 scorpions
  Dowan (D:6)
  A howler monkey (D:9)
  28 killer bees (D:9)
  5 jellies
  3 orc priests
  3 iguanas
  3 orc wizards
  Robin (D:3)
  2 adders
  3 gnolls (D:9)
  A shadow imp (D:5)
  A white imp (D:8)
  2 worms
  2 dart slugs
  24 orcs
  5 bats
  4 endoplasms
  3 giant cockroaches
  13 goblins
  8 hobgoblins
  A quokka (D:1)
  6 ball pythons
  3 frilled lizards
  16 kobolds
  2 rats (D:2)
332 creatures vanquished.

Vanquished Creatures (others)
  A yak (Lair:5)
  16 fungi
  7 plants
24 creatures vanquished.

Grand Total: 356 creatures vanquished

Notes
Turn   | Place    | Note
-------+----------+-------------------------------------------
     0 | D:1      | qw the Gargoyle Fighter began the quest for the Orb.
     0 | D:1      | Reached XP level 1. HP: 14/14 MP: 1/1
     0 | D:1      | 0 ||| qw: Version: 0.2-a-17-g06abaee
     0 | D:1      | 0 ||| qw: Game counter: 2356
     0 | D:1      | 0 ||| qw: Always use a shield: true
     0 | D:1      | 0 ||| qw: God list: Okawaru
     0 | D:1      | 0 ||| qw: Allow faded altars: false
     0 | D:1      | 0 ||| qw: Do Orc after D:15 true
     0 | D:1      | 0 ||| qw: Do second Lair branch before Depths: true
     0 | D:1      | 0 ||| qw: Lair rune preference: random
     0 | D:1      | 0 ||| qw: Plans: Normal, Zot:1-4, God:TSO, Crypt, Tomb,
                  | Pan, Slime:5, Hells, Abyss, Orb
     0 | D:1      | 0 ||| PLANNING D:1-11
    21 | D:1      | Found a faded altar of an unknown god.
    71 | D:1      | Reached skill level 2 in Axes
   131 | D:1      | Reached XP level 2. HP: 19/19 MP: 2/2
   622 | D:1      | 622 ||| READING 2 scrolls labelled SIKLAG EGEU.
   623 | D:1      | 623 ||| READING scroll labelled OTEBLI WUFADI.
   624 | D:1      | 624 ||| READING 2 scrolls labelled LAUR HOLUS.
   625 | D:1      | 625 ||| READING scroll labelled XUXTIL WYRISU.
   626 | D:1      | 626 ||| DROPPING scroll of poison.
   707 | D:2      | Reached skill level 3 in Axes
   707 | D:2      | Reached XP level 3. HP: 23/23 MP: 3/3
   869 | D:2      | 869 ||| FLEEEEING.
   870 | D:2      | 870 ||| FLEEEEING.
   871 | D:2      | 871 ||| FLEEEEING.
   872 | D:2      | 872 ||| FLEEEEING.
   873 | D:2      | 873 ||| FLEEEEING.
   874 | D:2      | 874 ||| FLEEEEING.
   875 | D:2      | 875 ||| FLEEEEING.
  1206 | D:2      | 1206 ||| Stepping ~*~*~tactically~*~*~ (stealth).
  1402 | D:2      | Identified the +5 mace "Rusedixt" {freeze, rElec rCorr
                  | Int+2}
  1404 | D:2      | 1404 ||| DROPPING +0 whip.
  1431 | D:2      | 1431 ||| UPGRADING to +0 chain mail.
  1441 | D:2      | 1441 ||| DROPPING +0 scale mail.
  1442 | D:2      | 1442 ||| READING scroll labelled POPNYDAOTA.
  1443 | D:2      | 1443 ||| READING 3 scrolls of identify.
  1443 | D:2      | 1443 ||| IDENTIFYING emerald potion
  1444 | D:2      | 1444 ||| READING 2 scrolls of identify.
  1444 | D:2      | 1444 ||| IDENTIFYING glowing red potion
  1539 | D:3      | Reached skill level 4 in Axes
  1539 | D:3      | Reached XP level 4. HP: 27/28 MP: 4/4
  1881 | D:3      | 1881 ||| Stepping ~*~*~tactically~*~*~ (stealth).
  1883 | D:3      | 1883 ||| Stepping ~*~*~tactically~*~*~ (stealth).
  1907 | D:3      | Noticed Robin
  1916 | D:3      | Killed Robin
  1917 | D:3      | Reached XP level 5. HP: 32/32 MP: 5/5
  2270 | D:3      | Found a white marble altar of Elyvilon.
  2296 | D:3      | Found Kasav's Book Shoppe.
  2413 | D:3      | 2413 ||| UPGRADING to +0 pair of gloves.
  2418 | D:3      | 2418 ||| UPGRADING to +0 helmet.
  2423 | D:3      | 2423 ||| READING scroll labelled KUMABR OPHE.
  2451 | D:4      | Noticed a lemure
  2451 | D:4      | Found a staircase to the Ecumenical Temple.
  2452 | D:4      | 2452 ||| PLANNING TEMPLE
  2452 | D:4      | 2452 ||| STAIRDANCE
  2455 | D:4      | Noticed a lemure
  2455 | D:4      | Noticed a lemure
  2456 | D:4      | 2456 ||| STAIRDANCE
  2474 | D:3      | Killed a lemure
  2498 | D:4      | Noticed a lemure
  2498 | D:4      | Noticed Pikel
  2499 | D:4      | 2499 ||| STAIRDANCE
  2509 | D:3      | Killed a lemure
  2522 | D:4      | 2522 ||| STAIRDANCE
  2528 | D:3      | Killed a lemure
  2538 | D:3      | HP: 7/32 [lemure[Pikel] (7)]
  2539 | D:3      | 2539 ||| DRINKING potion of heal wounds.
  2543 | D:3      | Killed a lemure
  2546 | D:4      | 2546 ||| STAIRDANCE
  2575 | D:4      | Killed Pikel
  2576 | D:4      | Reached skill level 7 in Axes
  2576 | D:4      | Reached XP level 6. HP: 16/37 MP: 6/6
  2576 | D:4      | Reached XP level 7. HP: 18/41 MP: 7/7
  2576 | D:4      | 2576 ||| STAIRDANCE
  2672 | Temple   | Entered the Ecumenical Temple
  2672 | Temple   | Found a transporter.
  2672 | Temple   | Found a transporter.
  2674 | Temple   | Found a transporter.
  2674 | Temple   | Found a transporter.
  2684 | Temple   | 2684 ||| PLANNING D:1-11
  2687 | Temple   | 2687 ||| PLANNING OKAWARU WORSHIP
  2690 | Temple   | Became a worshipper of Warmaster Okawaru
  2691 | Temple   | 2691 ||| PLANNING D:1-11
  3166 | D:4      | 3166 ||| READING scroll labelled ZAM NUPPUOKU.
  3167 | D:4      | 3167 ||| READING 2 scrolls of identify.
  3167 | D:4      | 3167 ||| IDENTIFYING lumpy pink potion
  3201 | D:5      | Entered Level 5 of the Dungeon
  3555 | D:5      | Reached skill level 1 in Dodging
  3610 | D:5      | Reached XP level 8. HP: 49/49 MP: 8/8
  3780 | D:5      | Found Webyclid's Jewellery Emporium.
  3783 | D:5      | 3783 ||| SHOPLISTING +4 ring of evasion (468 gold, have
                  | 288).
  3783 | D:5      | 3783 ||| SHOPLISTING amulet of reflection (390 gold, have
                  | 288).
  3783 | D:5      | 3783 ||| SHOPLISTING amulet of regeneration (390 gold, have
                  | 288).
  3783 | D:5      | 3783 ||| SHOPLISTING amulet of the acrobat (390 gold, have
                  | 288).
  3783 | D:5      | 3783 ||| SHOPLISTING ring of Jaghoowa {Fire rPois} (470
                  | gold, have 288).
  3783 | D:5      | 3783 ||| SHOPLISTING ring of fire (325 gold, have 288).
  3783 | D:5      | 3783 ||| BUYING ring of positive energy (260 gold).
  3783 | D:5      | Bought a ring of positive energy for 260 gold pieces
  3783 | D:5      | 3783 ||| SHOPLISTING ring of protection from cold (325
                  | gold, have 28).
  3796 | D:5      | Reached skill level 1 in Throwing
  4210 | D:5      | 4210 ||| UPGRADING to ring of positive energy.
  4211 | D:5      | 4211 ||| READING scroll labelled LETUPR PUTRO.
  4212 | D:5      | 4212 ||| DRINKING 2 fizzy orange potions.
  4213 | D:5      | 4213 ||| DRINKING 2 pink potions.
  4214 | D:5      | 4214 ||| READING 3 scrolls of identify.
  4214 | D:5      | 4214 ||| IDENTIFYING lumpy purple potion
  4215 | D:5      | 4215 ||| READING 2 scrolls of identify.
  4215 | D:5      | 4215 ||| IDENTIFYING orange potion
  4216 | D:5      | 4216 ||| DROPPING potion of degeneration.
  4217 | D:5      | 4217 ||| DROPPING potion of berserk rage.
  4267 | D:6      | 4267 ||| DROPPING +1 mace of protection.
  4305 | D:6      | Found an ornate altar of the Wu Jian Council.
  4363 | D:6      | Found a runed translucent door.
  4364 | D:6      | Noticed Crazy Yiuf
  4402 | D:6      | Reached skill level 8 in Axes
  4459 | D:6      | Noticed Dowan
  4459 | D:6      | Noticed Duvessa
  4460 | D:6      | 4460 ||| Stepping ~*~*~tactically~*~*~ (hiding).
  4462 | D:6      | 4462 ||| Stepping ~*~*~tactically~*~*~ (hiding).
  4488 | D:6      | Killed Dowan
  4495 | D:6      | Killed Duvessa
  4495 | D:6      | Reached * piety under Okawaru
  4496 | D:6      | Reached skill level 6 in Fighting
  4857 | D:6      | 4857 ||| READING scroll labelled RAQISCHIRAIC.
  4892 | D:6      | 4892 ||| READING scroll labelled VYRUIL DEKKACS.
  4985 | D:7      | Reached skill level 1 in Invocations
  5032 | D:7      | 5032 ||| Stepping ~*~*~tactically~*~*~ (hiding).
  5035 | D:7      | 5035 ||| INVOKING Heroism.
  5043 | D:7      | Reached skill level 3 in Invocations
  5043 | D:7      | Reached XP level 9. HP: 54/56 MP: 7/11
  5087 | D:7      | 5087 ||| INVOKING Heroism.
  5187 | D:7      | Noticed Prince Ribbit
  5188 | D:7      | 5188 ||| INVOKING Heroism.
  5198 | D:7      | Killed Prince Ribbit
  5198 | D:7      | Reached ** piety under Okawaru
  5335 | D:7      | 5335 ||| Stepping ~*~*~tactically~*~*~ (stealth).
  5348 | D:7      | Reached skill level 9 in Axes
  5445 | D:7      | 5445 ||| INVOKING Heroism.
  5526 | D:7      | 5526 ||| INVOKING Heroism.
  5570 | D:7      | Noticed Joseph
  5597 | D:7      | 5597 ||| INVOKING Heroism.
  5598 | D:7      | Killed Joseph
  5767 | D:7      | 5767 ||| INVOKING Heroism.
  5931 | D:7      | 5931 ||| UPGRADING to +0 plate armour.
  5941 | D:7      | 5941 ||| DROPPING +0 chain mail.
  5942 | D:7      | 5942 ||| UPGRADING to amulet of regeneration.
  5947 | D:7      | 5947 ||| READING scroll labelled LYUSOLUAMU.
  5948 | D:7      | 5948 ||| READING scroll labelled PUQALOKKIPE.
  5958 | D:7      | 5958 ||| DRINKING 2 fuming black potions.
  5959 | D:7      | 5959 ||| DROPPING potion of flight.
  5996 | D:8      | 5996 ||| Stepping ~*~*~tactically~*~*~ (stealth).
  5999 | D:8      | 5999 ||| INVOKING Heroism.
  6104 | D:8      | 6104 ||| READING scroll of enchant weapon.
  6104 | D:8      | 6104 ||| ENCHANTING +1 vampiric war axe.
  6400 | D:8      | Found Zulyapn's Fire Supplies.
  6406 | D:8      | 6406 ||| SHOPLISTING ring of fire (250 gold, have 137).
  6406 | D:8      | 6406 ||| SHOPLISTING ring of protection from fire (250
                  | gold, have 137).
  6562 | D:8      | 6562 ||| Stepping ~*~*~tactically~*~*~ (hiding).
  6565 | D:8      | 6565 ||| INVOKING Heroism.
  6595 | D:8      | 6595 ||| INVOKING Heroism.
  6804 | D:8      | 6804 ||| DROPPING ring of wizardry.
  6805 | D:8      | 6805 ||| READING 2 scrolls of identify.
  6805 | D:8      | 6805 ||| IDENTIFYING purple potion
  6832 | D:9      | 6832 ||| INVOKING Heroism.
  6833 | D:9      | 6833 ||| STAIRDANCE
  6849 | D:9      | 6849 ||| STAIRDANCE
  6854 | D:9      | 6854 ||| STAIRDANCE
  6860 | D:8      | Reached skill level 6 in Armour
  6863 | D:9      | 6863 ||| STAIRDANCE
  6865 | D:8      | 6865 ||| INVOKING Heroism.
  6884 | D:9      | 6884 ||| INVOKING Heroism.
  6911 | D:9      | 6911 ||| INVOKING Heroism.
  6926 | D:9      | Reached XP level 10. HP: 64/64 MP: 11/13
  6987 | D:9      | Noticed a two-headed ogre
  6988 | D:9      | 6988 ||| INVOKING Heroism.
  6998 | D:9      | Killed a two-headed ogre
  6999 | D:9      | Reached skill level 10 in Axes
  7030 | D:9      | 7030 ||| Stepping ~*~*~tactically~*~*~ (stealth).
  7109 | D:9      | 7109 ||| INVOKING Heroism.
  7133 | D:9      | Reached *** piety under Okawaru
  7148 | D:9      | 7148 ||| INVOKING Heroism.
  7168 | D:9      | Found a staircase to the Lair.
  7235 | D:9      | Found a staircase to the Orcish Mines.
  7236 | D:9      | 7236 ||| Stepping ~*~*~tactically~*~*~ (hiding).
  7240 | D:9      | 7240 ||| INVOKING Heroism.
  7272 | D:9      | 7272 ||| Stepping ~*~*~tactically~*~*~ (stealth).
  7274 | D:9      | 7274 ||| Stepping ~*~*~tactically~*~*~ (stealth).
  7279 | D:9      | 7279 ||| Stepping ~*~*~tactically~*~*~ (hiding).
  7282 | D:9      | 7282 ||| Stepping ~*~*~tactically~*~*~ (hiding).
  7440 | D:9      | 7440 ||| INVOKING Heroism.
  7461 | D:9      | Reached skill level 11 in Axes
  7481 | D:9      | 7481 ||| Stepping ~*~*~tactically~*~*~ (stealth).
  7496 | D:9      | 7496 ||| Stepping ~*~*~tactically~*~*~ (stealth).
  7501 | D:9      | Reached **** piety under Okawaru
  7528 | D:9      | Reached XP level 11. HP: 64/69 MP: 14/14
  7537 | D:9      | Reached skill level 9 in Fighting
  7603 | D:9      | Found a bloodstained altar of Trog.
  7613 | D:9      | 7613 ||| READING scroll labelled RIARALLOHOU.
  7614 | D:9      | 7614 ||| Stepping randomly (stuck).
  7615 | D:9      | 7615 ||| Stepping randomly (stuck).
  7616 | D:9      | 7616 ||| Stepping randomly (stuck).
  7617 | D:9      | 7617 ||| Stepping randomly (stuck).
  7885 | D:9      | 7885 ||| PLANNING LAIR
  7885 | D:9      | 7885 ||| DRINKING 2 smoky green potions.
  7926 | Lair:1   | Entered Level 1 of the Lair of Beasts
  7926 | Lair:1   | Noticed Erica
  7927 | Lair:1   | 7927 ||| INVOKING Heroism.
  7941 | Lair:1   | Killed Erica
  7980 | Lair:1   | Noticed Sonja
  8037 | Lair:1   | 8037 ||| INVOKING Heroism.
  8130 | Lair:1   | Killed Sonja
  8131 | Lair:1   | Reached skill level 6 in Invocations
  8147 | Lair:1   | 8147 ||| INVOKING Heroism.
  8230 | Lair:1   | 8230 ||| INVOKING Heroism.
  8270 | Lair:1   | 8270 ||| INVOKING Heroism.
  8313 | Lair:1   | 8313 ||| INVOKING Heroism.
  8335 | Lair:1   | Reached ***** piety under Okawaru
  8357 | Lair:1   | 8357 ||| INVOKING Heroism.
  8428 | Lair:1   | 8428 ||| INVOKING Heroism.
  8511 | Lair:1   | 8511 ||| Stepping ~*~*~tactically~*~*~ (stealth).
  8513 | Lair:1   | 8513 ||| Stepping ~*~*~tactically~*~*~ (stealth).
  8518 | Lair:1   | 8518 ||| INVOKING Heroism.
  8542 | Lair:1   | Reached skill level 12 in Axes
  8571 | Lair:1   | 8571 ||| INVOKING Heroism.
  8749 | Lair:1   | 8749 ||| INVOKING Heroism.
  8762 | Lair:1   | Reached skill level 6 in Shields
  8762 | Lair:1   | Reached XP level 12. HP: 76/76 MP: 16/18
  8886 | Lair:1   | Noticed Gastronok
  8887 | Lair:1   | 8887 ||| INVOKING Heroism.
  8911 | Lair:1   | Killed Gastronok
  8912 | Lair:1   | Reached skill level 9 in Invocations
  9361 | Lair:1   | 9361 ||| UPGRADING to +1 hat of willpower.
  9499 | Lair:2   | Noticed a seven-headed hydra
  9500 | Lair:2   | 9500 ||| INVOKING Heroism.
  9501 | Lair:2   | 9501 ||| INVOKING Finesse.
  9506 | Lair:2   | 9506 ||| SWAPPING to +0 flail.
  9507 | Lair:2   | 9507 ||| Stepping ~*~*~tactically~*~*~ (outnumbered).
  9508 | Lair:2   | 9508 ||| Stepping ~*~*~tactically~*~*~ (outnumbered).
  9531 | Lair:2   | Killed a seven-headed hydra
  9532 | Lair:2   | 9532 ||| FLEEEEING.
  9533 | Lair:2   | 9533 ||| FLEEEEING.
  9534 | Lair:2   | 9534 ||| SWAPPING to +2 vampiric war axe.
  9592 | Lair:2   | 9592 ||| INVOKING Heroism.
  9615 | Lair:2   | Received a gift from Okawaru
  9671 | Lair:2   | 9671 ||| Stepping ~*~*~tactically~*~*~ (stealth).
  9808 | Lair:2   | Found a hole to the Spider Nest.
  9853 | Lair:2   | Found a staircase to the Swamp.
  9855 | Lair:2   | 9855 ||| INVOKING Heroism.
  9861 | Lair:2   | Received a gift from Okawaru
  9891 | Lair:2   | Noticed Fannar
  9892 | Lair:2   | 9892 ||| Stepping ~*~*~tactically~*~*~ (hiding).
  9902 | Lair:2   | 9902 ||| INVOKING Heroism.
  9909 | Lair:2   | HP: 18/77 [Fannar/staff of cold (3)]
  9910 | Lair:2   | 9910 ||| READING 2 scrolls of teleportation.
  9914 | Lair:2   | 9914 ||| FLEEEEING.
  9915 | Lair:2   | 9915 ||| FLEEEEING.
  9916 | Lair:2   | 9916 ||| FLEEEEING.
  9917 | Lair:2   | 9917 ||| FLEEEEING.
  9918 | Lair:2   | 9918 ||| FLEEEEING.
  9919 | Lair:2   | 9919 ||| FLEEEEING.
  9920 | Lair:2   | 9920 ||| FLEEEEING.
  9921 | Lair:2   | 9921 ||| FLEEEEING.
  9922 | Lair:2   | 9922 ||| FLEEEEING.
  9923 | Lair:2   | 9923 ||| FLEEEEING.
  9924 | Lair:2   | 9924 ||| FLEEEEING.
  9925 | Lair:2   | 9925 ||| FLEEEEING.
  9926 | Lair:2   | 9926 ||| FLEEEEING.
  9927 | Lair:2   | 9927 ||| FLEEEEING.
  9928 | Lair:2   | 9928 ||| FLEEEEING.
  9929 | Lair:2   | 9929 ||| FLEEEEING.
  9931 | Lair:2   | 9931 ||| FLEEEEING.
  9932 | Lair:2   | 9932 ||| FLEEEEING.
  9933 | Lair:2   | 9933 ||| FLEEEEING.
 10114 | Lair:2   | 10114 ||| INVOKING Heroism.
 10121 | Lair:2   | Killed Fannar
 10226 | Lair:2   | 10226 ||| INVOKING Heroism.
 10249 | Lair:2   | Reached skill level 13 in Axes
 10461 | Lair:2   | 10461 ||| DROPPING orb of light.
 10462 | Lair:2   | 10462 ||| READING scroll labelled EDUIFE ZE BAH.
 10722 | Lair:3   | 10722 ||| INVOKING Heroism.
 10772 | Lair:3   | Reached skill level 9 in Armour
 10822 | Lair:3   | 10822 ||| Stepping ~*~*~tactically~*~*~ (stealth).
 10823 | Lair:3   | 10823 ||| INVOKING Heroism.
 10843 | Lair:3   | Identified the +7 broad axe "Lasalego" {drain, *Rage rC++
                  | Dex+5} (Okawaru gifted it to you on level 3 of the Lair of
                  | Beasts)
 10843 | Lair:3   | Received a gift from Okawaru
 10848 | Lair:3   | 10848 ||| DROPPING +7 broad axe "Lasalego" {drain, *Rage
                  | rC++ Dex+5}.
 10956 | Lair:3   | Noticed a death yak
 10957 | Lair:3   | 10957 ||| INVOKING Heroism.
 10958 | Lair:3   | 10958 ||| INVOKING Finesse.
 10968 | Lair:3   | Noticed a death yak
 10970 | Lair:3   | Killed a death yak
 10971 | Lair:3   | Reached XP level 13. HP: 73/82 MP: 13/20
 11028 | Lair:3   | 11028 ||| INVOKING Heroism.
 11029 | Lair:3   | 11029 ||| INVOKING Finesse.
 11046 | Lair:3   | Reached skill level 14 in Axes
 11060 | Lair:3   | HP: 19/82 [death yak (18)]
 11061 | Lair:3   | 11061 ||| READING scroll of teleportation.
 11086 | Lair:3   | 11086 ||| Stepping ~*~*~tactically~*~*~ (stealth).
 11087 | Lair:3   | 11087 ||| Stepping ~*~*~tactically~*~*~ (stealth).
 11088 | Lair:3   | 11088 ||| Stepping ~*~*~tactically~*~*~ (stealth).
 11094 | Lair:3   | 11094 ||| INVOKING Heroism.
 11095 | Lair:3   | 11095 ||| Stepping ~*~*~tactically~*~*~ (stealth).
 11104 | Lair:3   | 11104 ||| INVOKING Finesse.
 11156 | Lair:3   | 11156 ||| Stepping ~*~*~tactically~*~*~ (stealth).
 11162 | Lair:3   | 11162 ||| Stepping ~*~*~tactically~*~*~ (stealth).
 11167 | Lair:3   | 11167 ||| Stepping ~*~*~tactically~*~*~ (stealth).
 11170 | Lair:3   | 11170 ||| Stepping ~*~*~tactically~*~*~ (stealth).
 11171 | Lair:3   | 11171 ||| Stepping ~*~*~tactically~*~*~ (stealth).
 11172 | Lair:3   | 11172 ||| Stepping ~*~*~tactically~*~*~ (stealth).
 11179 | Lair:3   | 11179 ||| INVOKING Heroism.
 11202 | Lair:3   | 11202 ||| Stepping ~*~*~tactically~*~*~ (stealth).
 11203 | Lair:3   | 11203 ||| Stepping ~*~*~tactically~*~*~ (stealth).
 11217 | Lair:3   | 11217 ||| INVOKING Heroism.
 11221 | Lair:3   | Reached ****** piety under Okawaru
 11221 | Lair:3   | Received a gift from Okawaru
 12164 | Lair:4   | 12164 ||| Stepping ~*~*~tactically~*~*~ (stealth).
 12302 | Lair:4   | 12302 ||| INVOKING Heroism.
 12529 | Lair:4   | 12529 ||| INVOKING Heroism.
 12696 | Lair:4   | 12696 ||| READING scroll labelled LEEMUZI UCEIL.
 12722 | Lair:5   | Entered Level 5 of the Lair of Beasts
 12726 | Lair:5   | 12726 ||| Stepping ~*~*~tactically~*~*~ (stealth).
 12728 | Lair:5   | 12728 ||| INVOKING Heroism.
 12729 | Lair:5   | 12729 ||| SWAPPING to +0 flail.
 12730 | Lair:5   | 12730 ||| INVOKING Finesse.
 12742 | Lair:5   | Reached skill level 3 in Throwing
 12742 | Lair:5   | 12742 ||| SWAPPING to +2 vampiric war axe.
 12782 | Lair:5   | Found a frozen archway.
 12810 | Lair:5   | 12810 ||| INVOKING Heroism.
 12811 | Lair:5   | 12811 ||| SWAPPING to +0 flail.
 12812 | Lair:5   | 12812 ||| INVOKING Finesse.
 12814 | Lair:5   | 12814 ||| Stepping ~*~*~tactically~*~*~ (outnumbered).
 12815 | Lair:5   | 12815 ||| Stepping ~*~*~tactically~*~*~ (outnumbered).
 12816 | Lair:5   | 12816 ||| Stepping ~*~*~tactically~*~*~ (outnumbered).
 12826 | Lair:5   | 12826 ||| SWAPPING to +2 vampiric war axe.
 12891 | Lair:5   | 12891 ||| INVOKING Heroism.
 12902 | Lair:5   | 12902 ||| INVOKING Finesse.
 12907 | Lair:5   | 12907 ||| SWAPPING to +0 flail.
 12908 | Lair:5   | 12908 ||| Stepping ~*~*~tactically~*~*~ (outnumbered).
 12910 | Lair:5   | 12910 ||| Stepping ~*~*~tactically~*~*~ (outnumbered).
 12911 | Lair:5   | 12911 ||| INVOKING Heroism.
 12918 | Lair:5   | 12918 ||| Stepping ~*~*~tactically~*~*~ (outnumbered).
 12923 | Lair:5   | 12923 ||| Stepping ~*~*~tactically~*~*~ (outnumbered).
 12926 | Lair:5   | 12926 ||| Stepping ~*~*~tactically~*~*~ (outnumbered).
 12926 | Lair:5   | HP: 21/84 [polar bear (5)]
 12930 | Lair:5   | HP: 5/84 [six-headed hydra (8)]
 12932 | Lair:5   | 12932 ||| SWAPPING to +2 vampiric war axe.
 12936 | Lair:5   | HP: 10/84 [torpor snail (6)]
 13013 | Lair:5   | 13013 ||| INVOKING Heroism.
 13071 | Lair:5   | 13071 ||| INVOKING Finesse.
 13089 | Lair:5   | 13089 ||| INVOKING Heroism.
 13095 | Lair:5   | Reached skill level 15 in Axes
 13163 | Lair:5   | 13163 ||| FLEEEEING.
 13164 | Lair:5   | 13164 ||| FLEEEEING.
 13166 | Lair:5   | 13166 ||| INVOKING Heroism.
 13177 | Lair:5   | Gained mutation: Your large and strong wings let you fly.
                  | [Gargoyle growth]
 13177 | Lair:5   | Reached XP level 14. HP: 38/90 MP: 19/21
 13177 | Lair:5   | 13177 ||| INVOKING Finesse.
 13184 | Lair:5   | 13184 ||| SWAPPING to +0 flail.
 13185 | Lair:5   | 13185 ||| Stepping ~*~*~tactically~*~*~ (outnumbered).
 13186 | Lair:5   | 13186 ||| Stepping ~*~*~tactically~*~*~ (outnumbered).
 13187 | Lair:5   | 13187 ||| Stepping ~*~*~tactically~*~*~ (outnumbered).
 13191 | Lair:5   | HP: 22/90 [four-headed hydra (7)]
 13200 | Lair:5   | HP: 20/90 [four-headed hydra (5)]
 13208 | Lair:5   | HP: 12/90 [four-headed hydra (5)]
 13211 | Lair:5   | HP: 5/90 [four-headed hydra (4)]
 13214 | Lair:5   | Mangled by an elephant

Levels and vault maps discovered:
D:1:      dreamdust_arrival_sigmund_warning, layout_loops_ring,
          shapermc_ecumenical_altar_venn
D:2:      layout_basic, minmay_misc_feat_more_columns, minmay_pentomino_p2
D:3:      layout_loops_corners, mainiacjoe_overflow_paths, serial_shops,
          nicolae_shop_crystal, minmay_crystal_room,
          amcnicky_mini_corridor_feature, uniq_robin
D:4:      layout_rooms, minmay_temple_entry_glass, uniq_pikel
D:5:      layout_basic, serial_shops, nicolae_shop_behind_doors,
          skrybe_limestone_x, serial_park_tiny_2, minivault_26
D:6:      layout_basic, pdpol_wu_jian_five_deadly_venoms,
          corexii_leaking_fountain, uniq_duvessa, uniq_crazy_yiuf_cottage
D:7:      layout_loops_ring, uniq_prince_ribbit1, uniq_joseph
D:8:      layout_loops_ring, nicolae_shop_fire_sale [nicolae_sub_dead_trees],
          nicolae_eternal_life
D:9:      layout_rooms, amcnicky_altar_gilded, david_lair_generic, david_orc_2,
          special_room [special_room_bee]
Temple:   hellmonk_temple_divided_pantheon
Lair:1:   layout_cave_pods, uniq_erica, uniq_sonja, uniq_gastronok
Lair:2:   layout_long_grid, minmay_swamp_entry_worms, spider_nest_entry_a,
          uniq_fannar
Lair:3:   layout_cave_pods
Lair:4:   layout_regular_city
Lair:5:   evil_forest, layout_long_grid, dpeg_slime_entry_corner,
          portal_ice_cave_entry_pillars_2

Skill      XL: |  1  2  3  4  5  6  7  8  9 10 11 12 13 |
---------------+----------------------------------------+-----
Axes           | 2 3 4 7 8 9 11 12 13 15 | 15.1
Fighting       | 5 6 7 8 9 10 11 | 11.0
Dodging        | 1 2 |  2.5
Throwing       | 1 4 |  4.0
Armour         | 4 6 7 8 9 |  9.9
Invocations    | 3 4 8 10 | 10.0
Shields        | 4 5 6 7 |  7.4

Action                   |  1- 3 |  4- 6 |  7- 9 | 10-12 | 13-15 || total
-------------------------+-------+-------+-------+-------+-------++-------
Melee: War axe           |    87 |   116 |   262 |   732 |   306 ||  1503
       Flail             |       |       |       |    23 |    65 ||    88
Throw: Boomerang         |       |    16 |    56 |    43 |       ||   115
       Javelin           |       |       |       |       |    20 ||    20
Invok: Heroism           |       |       |    14 |    26 |    13 ||    53
       Finesse           |       |       |       |     2 |     7 ||     9
  Use: Scroll            |     7 |     1 |    11 |     3 |     2 ||    24
       Potion            |       |     1 |     3 |     1 |       ||     5
 Stab: Petrified         |       |       |       |       |    14 ||    14
       Petrifying        |       |       |       |       |     1 ||     1
Armor: Scale mail        |    36 |       |       |       |       ||    36
       Chain mail        |       |    74 |   108 |       |       ||   182
       Plate armour      |       |       |    53 |   627 |   236 ||   916
Dodge: Dodged            |    31 |    52 |    64 |   293 |   120 ||   560
Block: Buckler           |    21 |    17 |    48 |   237 |    93 ||   416

Table legend:
 A = Non-vault XP
 B = Vault XP
 C = Vault XP percentage of total XP
 D = Non-vault monster count
 E = Vault monster count
 F = Vault count percentage of total count
                 A         B        C        D         E       F
            +---------+---------+-------+---------+---------+-------
      Total |   45115 |   11466 |  20.3 |     258 |      71 |  21.6
            +---------+---------+-------+---------+---------+-------
        D:1 |      25 |       0 |   0.0 |      15 |       0 |   0.0
        D:2 |      39 |       3 |   7.1 |      13 |       2 |  13.3
        D:3 |      73 |      38 |  34.2 |      14 |      13 |  48.1
        D:4 |      41 |     663 |  94.2 |       4 |       1 |  20.0
        D:5 |     628 |       0 |   0.0 |      11 |       0 |   0.0
        D:6 |     350 |     214 |  37.9 |       5 |       2 |  28.6
        D:7 |     998 |     777 |  43.8 |      14 |       2 |  12.5
        D:8 |     681 |       0 |   0.0 |      24 |       0 |   0.0
        D:9 |    2610 |    2896 |  52.6 |      25 |      38 |  60.3
     Lair:1 |    7247 |    3134 |  30.2 |      31 |       3 |   8.8
     Lair:2 |    7493 |    1900 |  20.2 |      32 |       6 |  15.8
     Lair:3 |   12560 |       0 |   0.0 |      30 |       0 |   0.0
     Lair:4 |    2516 |       0 |   0.0 |       9 |       0 |   0.0
     Lair:5 |    9854 |    1841 |  15.7 |      31 |       4 |  11.4
            +---------+---------+-------+---------+---------+-------
